 Dungeon Crawl Stone Soup version 0.31-a0-152-g6aa68a64a1 (webtiles) character file.

Game seed: 2137412929677938536

3168 qw the Skirmisher (level 9, -2/80 HPs)
             Began as a Minotaur Hunter on June 9, 2023.
             Was a Believer of Okawaru.
             Slain by a gnoll sergeant
             ... wielding a +3 spear
              (6 damage)
             ... on level 7 of the Dungeon.
             The game lasted 00:02:33 (6980 turns).

qw the Skirmisher (Minotaur Hunter)                 Turns: 6980, Time: 00:02:33

Health: -2/80      AC:  8    Str: 15    XL:     9   Next: 63%
Magic:  10/11      EV: 17    Int:  6    God:    Okawaru [**....]
Gold:   274        SH:  0    Dex: 19    Spells: 8/8 levels left

rFire   . . .        k - +0 orcbow
rCold   . . .        (shield currently unavailable)
rNeg    . . .        d - +0 ring mail
rPois   .            (helmet restricted)
rElec   .            l - +0 cloak
rCorr   .            (no gloves)
SInv    .            (no boots)
Will    .....        (no amulet)
Stlth   +++          (no ring)
HPRegen 0.33/turn    (no ring)
MPRegen 0.12/turn

%: no passive effects
@: heroic
A: horns 2, retaliatory headbutt
a: Renounce Religion, Heroism


You were on level 7 of the Dungeon.
You worshipped Okawaru.
Okawaru was pleased with you.
You visited 1 branch of the dungeon, and saw 7 of its levels.

You collected 274 gold pieces.


Innate Abilities, Weirdness & Mutations

You have a pair of horns on your head.
You reflexively headbutt those who attack you in melee.


   Skills:
 - Level 7.7(12.7) Fighting
 + Level 11.8(16.8) Ranged Weapons
 - Level 3.0(8.0) Armour
 - Level 5.1(10.1) Dodging
 - Level 0.7(5.7) Stealth
 - Level 4.2 Invocations


You had 8 spell levels left.
You didn't know any spells.
Your spell library was empty.

Inventory:

Hand Weapons
 k - a +0 orcbow (weapon)
Armour
 d - a +0 ring mail (worn)
 l - a +0 cloak (worn)
Jewellery
 m - the ring of the Red God {rF+ rN++ Str+3}
   (You found it on level 7 of the Dungeon)

   [ring of protection from fire]

   Str:       It affects your strength (+3).
   rF:        It protects you from fire.
   rN:        It greatly protects you from negative energy.
Scrolls
 f - a scroll of identify
Potions
 b - 2 potions of curing
 c - a potion of lignification {unknown}
 e - 3 potions of might
 g - a potion of ambrosia {unknown}
 h - a potion of mutation
 i - a potion of cancellation {unknown}
 j - a potion of haste

Dungeon Overview and Level Annotations

Branches:
Dungeon (7/15)             Temple (0/1) D:5

Altars:
Elyvilon
Gozag
Nemelex Xobeh
Okawaru
Trog


Message History

You start resting.
A gnoll sergeant comes into view. It is wielding a +3 spear.
6968 ||| INVOKING Heroism.
You gain the combat prowess of a mighty hero.
You shoot an arrow. The gnoll sergeant shouts!
The arrow hits the gnoll sergeant!
The gnoll sergeant is moderately wounded.
You shoot an arrow. The arrow hits the gnoll sergeant.
The gnoll sergeant is heavily wounded.
You shoot an arrow.
The arrow hits the gnoll sergeant but does no damage.
The gnoll sergeant is heavily wounded.
You shoot an arrow.
The arrow barely misses the gnoll sergeant.
The gnoll sergeant barely misses you.
You shoot an arrow.
The arrow barely misses the gnoll sergeant.
You shoot an arrow.
The arrow closely misses the gnoll sergeant.
The gnoll sergeant hits you from afar with a +3 spear.
You shoot an arrow.
The arrow barely misses the gnoll sergeant.
The gnoll sergeant hits you from afar with a +3 spear!
You shoot an arrow.
The arrow barely misses the gnoll sergeant.
The gnoll sergeant completely misses you.
You shoot an arrow. The arrow hits the gnoll sergeant.
The gnoll sergeant is heavily wounded.
You shoot an arrow.
The arrow closely misses the gnoll sergeant.
The gnoll sergeant misses you.
You shoot an arrow. The arrow hits the gnoll sergeant!
The gnoll sergeant is almost dead.
The gnoll sergeant hits you from afar with a +3 spear!
You shoot an arrow.
The arrow hits the gnoll sergeant but does no damage.
The gnoll sergeant is almost dead.
The gnoll sergeant hits you from afar with a +3 spear.
You die...

## 77.7
#7...7#
#..g.@#
#...).#
#.....#
##+#######
#.777.#
#...#..... #
.77 7...7.7.7.
7 +>8<'.7.7.
7...7.777.
#...#.7 7.
######'#######


You could see a gnoll sergeant.

Vanquished Creatures
  Prince Ribbit (D:6)
  A steam dragon (D:7)
  Duvessa (D:5)
  A water moccasin (D:5)
  2 orc warriors (D:7)
  An ice beast (D:6)
  3 black bears
  2 ogres
  A phantom (D:6)
  4 centaurs
  A kobold brigand (D:5)
  A gnoll sergeant (D:7)
  3 scorpions
  9 wights
  Dowan (D:5)
  A howler monkey (D:7)
  4 hounds
  A jelly (D:7)
  Ijyb (D:3)
  8 iguanas
  3 orc wizards (D:7)
  4 gnolls
  10 adders
  A shadow imp (D:7)
  A white imp (D:7)
  2 worms
  4 dart slugs
  11 orcs
  7 ball pythons
  6 bats
  4 endoplasms
  4 giant cockroaches
  11 goblins
  9 hobgoblins
  6 quokkas
  4 frilled lizards
  8 kobolds
  3 rats
145 creatures vanquished.

Notes
Turn   | Place    | Note
-------+----------+-------------------------------------------
     0 | D:1      | qw the Minotaur Hunter began the quest for the Orb.
     0 | D:1      | Reached XP level 1. HP: 18/18 MP: 0/0
     0 | D:1      | 0 ||| qw: Version: 0.2-a-122-gbc61b45
     0 | D:1      | 0 ||| qw: Game counter: 3463
     0 | D:1      | 0 ||| qw: Always use a shield: true
     0 | D:1      | 0 ||| qw: God list: Okawaru
     0 | D:1      | 0 ||| qw: Allow faded altars: false
     0 | D:1      | 0 ||| qw: Do Orc after D:15 true
     0 | D:1      | 0 ||| qw: Do second Lair branch before Depths: true
     0 | D:1      | 0 ||| qw: Lair rune preference: random
     0 | D:1      | 0 ||| qw: Plans: Normal
     0 | D:1      | 0 ||| PLANNING D:1-11
    79 | D:1      | Found a faded altar of an unknown god.
    84 | D:1      | Reached skill level 5 in Ranged Weapons
    84 | D:1      | Reached XP level 2. HP: 25/25 MP: 1/1
   299 | D:1      | Reached skill level 3 in Fighting
   376 | D:1      | 376 ||| UPGRADING to +0 ring mail.
   386 | D:1      | 386 ||| DROPPING +0 leather armour.
   387 | D:1      | 387 ||| READING scroll labelled PACWIG OLYEH.
   388 | D:1      | 388 ||| READING scroll labelled SENLEP NUM.
   391 | D:1      | 391 ||| READING scroll labelled PECRUZX JOSOMA.
   392 | D:1      | 392 ||| READING scroll labelled LOKUON OTOLITS.
   393 | D:1      | 393 ||| READING scroll labelled JUEMIEDICU.
   394 | D:1      | 394 ||| DROPPING scroll of butterflies.
   451 | D:2      | Reached skill level 1 in Armour
   451 | D:2      | Reached XP level 3. HP: 31/31 MP: 2/2
   911 | D:2      | Reached XP level 4. HP: 31/38 MP: 3/3
  1244 | D:2      | 1244 ||| READING scroll labelled RIT POUPTEJY.
  1333 | D:3      | Reached skill level 6 in Ranged Weapons
  1794 | D:3      | Reached XP level 5. HP: 46/46 MP: 4/4
  1860 | D:3      | Noticed Ijyb
  1900 | D:3      | Killed Ijyb
  1901 | D:3      | 1901 ||| FLEEEEING.
  1902 | D:3      | 1902 ||| FLEEEEING.
  1903 | D:3      | 1903 ||| FLEEEEING.
  1904 | D:3      | 1904 ||| FLEEEEING.
  1905 | D:3      | 1905 ||| FLEEEEING.
  1906 | D:3      | 1906 ||| FLEEEEING.
  1918 | D:3      | 1918 ||| FLEEEEING.
  1919 | D:3      | 1919 ||| FLEEEEING.
  1920 | D:3      | 1920 ||| FLEEEEING.
  1938 | D:3      | 1938 ||| FLEEEEING.
  1953 | D:3      | 1953 ||| FLEEEEING.
  1978 | D:3      | 1978 ||| FLEEEEING.
  1979 | D:3      | 1979 ||| FLEEEEING.
  1980 | D:3      | 1980 ||| FLEEEEING.
  1981 | D:3      | 1981 ||| FLEEEEING.
  1982 | D:3      | 1982 ||| STAIRDANCE
  2008 | D:2      | 2008 ||| READING 3 scrolls labelled PASKOU WOSI.
  2009 | D:2      | 2009 ||| READING 2 scrolls of identify.
  2009 | D:2      | 2009 ||| IDENTIFYING black potion
  2010 | D:2      | 2010 ||| DROPPING potion of brilliance.
  2011 | D:2      | 2011 ||| DROPPING 2 scrolls of blinking.
  2070 | D:3      | Found an opulent altar of Gozag.
  2164 | D:3      | 2164 ||| Stepping ~*~*~tactically~*~*~ (outnumbered).
  2165 | D:3      | 2165 ||| Stepping ~*~*~tactically~*~*~ (outnumbered).
  2167 | D:3      | 2167 ||| Stepping ~*~*~tactically~*~*~ (outnumbered).
  2192 | D:3      | Found an iron altar of Okawaru.
  2193 | D:3      | 2193 ||| PLANNING OKAWARU WORSHIP
  2200 | D:3      | Became a worshipper of Warmaster Okawaru
  2200 | D:3      | 2200 ||| PLANNING D:1-11
  2320 | D:4      | 2320 ||| STAIRDANCE
  2417 | D:4      | Found a sparkling altar of Nemelex Xobeh.
  2420 | D:4      | Found a white marble altar of Elyvilon.
  2504 | D:4      | Reached skill level 7 in Ranged Weapons
  3019 | D:4      | Noticed a black bear
  3023 | D:4      | Killed a black bear
  3024 | D:4      | Reached XP level 6. HP: 51/52 MP: 5/5
  3358 | D:4      | Reached skill level 8 in Ranged Weapons
  3457 | D:4      | 3457 ||| DROPPING +6 ring of intelligence.
  3458 | D:4      | 3458 ||| READING scroll labelled WUEGUM HIRUAS.
  3459 | D:4      | 3459 ||| DRINKING 2 purple potions.
  3460 | D:4      | 3460 ||| READING 4 scrolls of identify.
  3460 | D:4      | 3460 ||| IDENTIFYING green potion
  3461 | D:4      | 3461 ||| READING 3 scrolls of identify.
  3461 | D:4      | 3461 ||| IDENTIFYING fuming grey potion
  3462 | D:4      | 3462 ||| READING 2 scrolls of identify.
  3462 | D:4      | 3462 ||| IDENTIFYING dark potion
  3463 | D:4      | 3463 ||| DROPPING potion of enlightenment.
  3464 | D:4      | 3464 ||| DROPPING potion of invisibility.
  3485 | D:5      | Entered Level 5 of the Dungeon
  3645 | D:5      | Noticed a water moccasin
  3651 | D:5      | Killed a water moccasin
  3651 | D:5      | Reached * piety under Okawaru
  3652 | D:5      | Reached XP level 7. HP: 21/61 MP: 6/6
  3655 | D:5      | HP: 14/61 [poisoned by a water moccasin]
  3660 | D:5      | HP: 10/61 [poisoned by a water moccasin]
  3853 | D:5      | Reached skill level 1 in Invocations
  3908 | D:5      | 3908 ||| INVOKING Heroism.
  3919 | D:5      | Reached skill level 3 in Dodging
  4284 | D:5      | Found a bloodstained altar of Trog.
  4538 | D:5      | Noticed Dowan
  4539 | D:5      | 4539 ||| INVOKING Heroism.
  4539 | D:5      | Noticed Duvessa
  4554 | D:5      | Killed Duvessa
  4555 | D:5      | Reached skill level 3 in Invocations
  4559 | D:5      | Killed Dowan
  4560 | D:5      | Reached XP level 8. HP: 37/69 MP: 7/9
  4716 | D:5      | Found a staircase to the Ecumenical Temple.
  4872 | D:5      | 4872 ||| READING 2 scrolls labelled VIVIKHL ITISOUST.
  4873 | D:5      | 4873 ||| DRINKING 2 silvery potions.
  4874 | D:5      | 4874 ||| DRINKING 2 inky potions.
  4875 | D:5      | 4875 ||| READING 2 scrolls of identify.
  4875 | D:5      | 4875 ||| IDENTIFYING red potion
  4876 | D:5      | 4876 ||| DROPPING scroll of noise.
  4877 | D:5      | 4877 ||| DROPPING potion of degeneration.
  4973 | D:6      | Reached skill level 9 in Ranged Weapons
  5028 | D:6      | Reached ** piety under Okawaru
  5136 | D:6      | Reached skill level 6 in Fighting
  5423 | D:6      | 5423 ||| INVOKING Heroism.
  5593 | D:6      | Reached skill level 10 in Ranged Weapons
  5659 | D:6      | Identified the +5 long sword "Earthworm" {drain, rF+}
  5680 | D:6      | 5680 ||| INVOKING Heroism.
  5710 | D:6      | Noticed Prince Ribbit
  5711 | D:6      | 5711 ||| INVOKING Heroism.
  5715 | D:6      | Killed Prince Ribbit
  5967 | D:6      | 5967 ||| SWAPPING to +0 orcbow.
  5968 | D:6      | 5968 ||| DROPPING +0 shortbow of freezing.
  6053 | D:6      | Reached XP level 9. HP: 80/80 MP: 11/11
  6289 | D:6      | 6289 ||| UPGRADING to +0 cloak.
  6335 | D:7      | 6335 ||| INVOKING Heroism.
  6361 | D:7      | 6361 ||| INVOKING Heroism.
  6362 | D:7      | 6362 ||| Stepping ~*~*~tactically~*~*~ (outnumbered).
  6485 | D:7      | 6485 ||| INVOKING Heroism.
  6610 | D:7      | Reached skill level 11 in Ranged Weapons
  6678 | D:7      | Identified the ring of the Red God {rF+ rN++ Str+3}
  6698 | D:7      | Reached skill level 3 in Armour
  6808 | D:7      | 6808 ||| INVOKING Heroism.
  6873 | D:7      | 6873 ||| INVOKING Heroism.
  6880 | D:7      | 6880 ||| Stepping ~*~*~tactically~*~*~ (outnumbered).
  6892 | D:7      | 6892 ||| INVOKING Heroism.
  6901 | D:7      | HP: 18/80 [gnoll sergeant/+2 vampiric spear (7)]
  6902 | D:7      | 6902 ||| READING scroll of teleportation.
  6903 | D:7      | HP: 2/80 [gnoll sergeant/+2 vampiric spear (7)]
  6968 | D:7      | 6968 ||| INVOKING Heroism.
  6975 | D:7      | HP: 12/80 [gnoll sergeant/+3 spear (11)]
  6979 | D:7      | HP: 4/80 [gnoll sergeant/+3 spear (9)]
  6980 | D:7      | Slain by a gnoll sergeant

Levels and vault maps discovered:
D:1:      lightli_arrival_isolated_outpost, layout_rooms, basic_ecumenical_altar
D:2:      layout_loops_corners
D:3:      layout_loops_ring, okawaru_altar_gauntlet_db,
          mainiacjoe_overflow_concentric_impassable, uniq_ijyb
D:4:      kennysheep_six_static_rooms, layout_basic, nicolae_overflow_squiral,
          serial_forest, infiniplex_forest_clump_curved,
          infiniplex_forest_straight_3, infiniplex_forest_clump_tiny,
          infiniplex_forest_lined_1, infiniplex_forest_clump_double,
          infiniplex_forest_clump_double, infiniplex_forest_lined_2,
          kennysheep_generic_room_15
D:5:      layout_basic, mainiacjoe_overflow_tiny_flanked,
          minmay_temple_entry_poolview, minmay_manual_mullet, uniq_duvessa
D:6:      layout_basic, minmay_misc_feat_enclosed, uniq_prince_ribbit1
D:7:      nzn_winding_woodlands_stair_cross [nzn_winding_woodlands_5x15_pockets,
          nzn_winding_woodlands_center_lodge,
          nzn_winding_woodlands_5x15_longhouse, nzn_winding_woodlands_5x5_three,
          nzn_winding_woodlands_5x5_perimeter, nzn_winding_woodlands_5x15_eye,
          nzn_winding_woodlands_center_triple_pond,
          nzn_winding_woodlands_5x15_parted], layout_cave_pods, uniq_pikel,
          uniq_crazy_yiuf_cottage, uniq_menkaure

Skill      XL: |  1  2  3  4  5  6  7  8  9 |
---------------+----------------------------+-----
Ranged Weapons | 5 6 7 8 10 11 | 11.8
Fighting       | 3 4 5 7 |  7.7
Armour         | 1 2 3 |  3.0
Invocations    | 3 4 |  4.2
Dodging        | 3 4 5 |  5.1
Stealth        | |  0.7

Action                     |  1- 3 |  4- 6 |  7- 9 || total
---------------------------+-------+-------+-------++-------
  Melee: Unarmed           |       |    27 |       ||    27
   Fire: Shortbow          |    75 |   181 |   181 ||   437
         Orcbow            |       |       |   122 ||   122
 Invoke: Heroism           |       |       |    12 ||    12
    Use: Scroll            |     5 |     7 |     3 ||    15
         Potion            |       |     1 |     2 ||     3
 Armour: Leather armour    |     1 |       |       ||     1
         Ring mail         |     2 |    27 |    23 ||    52
  Dodge: Dodged            |    13 |    44 |    82 ||   139

Table legend:
 A = Non-vault XP
 B = Vault XP
 C = Vault XP percentage of total XP
 D = Non-vault monster count
 E = Vault monster count
 F = Vault count percentage of total count
                 A         B        C        D         E       F
            +---------+---------+-------+---------+---------+-------
      Total |    2539 |    1987 |  43.9 |     111 |      34 |  23.4
            +---------+---------+-------+---------+---------+-------
        D:1 |      28 |       0 |   0.0 |      15 |       0 |   0.0
        D:2 |      86 |       0 |   0.0 |      20 |       0 |   0.0
        D:3 |     108 |      46 |  29.9 |      24 |       7 |  22.6
        D:4 |     103 |     205 |  66.6 |      12 |       8 |  40.0
        D:5 |     593 |     392 |  39.8 |      14 |       7 |  33.3
        D:6 |    1007 |     268 |  21.0 |      14 |       1 |   6.7
        D:7 |     614 |    1076 |  63.7 |      12 |      11 |  47.8
            +---------+---------+-------+---------+---------+-------
